 Dungeon Crawl Stone Soup version 0.24-a0-279-ga7546fe (webtiles) character file.

Game seed: 9290095620187370623

1282 TheOvate the Slasher (level 8, 0/73 HPs)
             Began as a Hill Orc Fighter on May 1, 2019.
             Was an Initiate of Okawaru.
             Slain by an orc
             ... wielding a +0 war axe
              (6 damage)
             ... on level 7 of the Dungeon.
             The game lasted 00:16:20 (6545 turns).

TheOvate the Slasher (Hill Orc Fighter)             Turns: 6545, Time: 00:16:21

Health: 0/73       AC: 13    Str: 21    XL:     8   Next: 54%
Magic:  8/8        EV:  4    Int:  8    God:    Okawaru [......]
Gold:   362        SH: 10    Dex: 10    Spells: 7/7 levels left

rFire    . . .     SeeInvis .   t - +0 long sword
rCold    + . .     Gourm    .   c - +0 shield
rNeg     . . .     Faith    .   C - +0 plate armour
rPois    .         Spirit   .   (no helmet)
rElec    .         Reflect  .   (no cloak)
rCorr    .         Harm     .   m - +0 pair of gloves
MR       .....                  (no boots)
Stlth    ..........             (no amulet)
HPRegen  0.22/turn              D - ring of protection from cold
MPRegen  0.11/turn              (no ring)

@: hasted, very quick
A: no striking features
a: Renounce Religion


You were on level 7 of the Dungeon.
You worshipped Okawaru.
Okawaru was noncommittal.
You were not hungry.

You visited 2 branches of the dungeon, and saw 8 of its levels.

You collected 362 gold pieces.

Inventory:

Hand Weapons
 t - a +0 long sword (weapon)
 x - a +0 falchion
 G - a +0 mace
Missiles
 p - 7 needles of confusion
Armour
 b - a +0 scale mail
 c - a +0 shield (worn)
 m - a +0 pair of gloves (worn)
 v - a +0 large shield
 C - a +0 plate armour (worn)
Jewellery
 D - a ring of protection from cold (left hand)
Wands
 e - a wand of flame (4)
 n - a wand of iceblast (11)
 r - a wand of enslavement (10)
Scrolls
 d - a scroll of teleportation
 i - a scroll of fog {unknown}
 k - a scroll of noise {unknown}
 l - 5 scrolls of identify
 s - a scroll of enchant armour {unknown}
 w - 3 scrolls of enchant weapon {unknown}
 y - 4 scrolls of remove curse
 E - a scroll of fear
Potions
 a - a potion of resistance {unknown}
 h - 2 potions of agility {unknown}
 o - 2 potions of degeneration {unknown}
 q - a potion of heal wounds {unknown}
 u - 2 potions of lignification {unknown}
 z - 2 potions of cancellation {unknown}
 A - a potion of mutation {unknown}
 B - a potion of berserk rage {unknown}
Comestibles
 f - 15 rations


   Skills:
 - Level 7.1 Fighting
 - Level 7.2 Long Blades
 - Level 4.3 Armour
 - Level 0.8 Dodging
 - Level 0.1 Stealth
 + Level 6.3 Shields


You had 7 spell levels left.
You didn't know any spells.
Your spell library contained the following spells:

 Spells                   Type           Power        Failure   Level  Hunger
 Magic Dart               Conj           #...         100%        1    ##.....
 Blink                    Tloc           N/A          100%        2    ###....
 Call Imp                 Summ           #.......     100%        2    ###....
 Slow                     Hex            #.......     100%        2    ###....
 Conjure Flame            Conj/Fire      #.......     100%        3    ####...
 Mephitic Cloud           Conj/Pois/Air  #.......     100%        3    ####...


Dungeon Overview and Level Annotations

Branches:
Dungeon (7/15)             Temple (1/1) D:6

Altars:
Ashenzari
Cheibriados
Dithmenos
Elyvilon
Gozag
Kikubaaqudgha
Makhleb
Nemelex Xobeh
Okawaru
Ru
Uskayaw
Vehumet
Wu Jian


Message History

The orc warrior is heavily wounded.
You block the orc warrior's attack.
You slash the orc warrior!
The orc warrior is severely wounded.
The orc hits you with a +0 war axe.
* * * LOW HITPOINT WARNING * * *
The orc hits you with a +0 trident.
* * * LOW HITPOINT WARNING * * *
You hit the orc warrior.
The orc warrior is almost dead.
The orc warrior hits you with a +0 trident.
* * * LOW HITPOINT WARNING * * *
You hit the orc warrior but do no damage.
The orc warrior is almost dead.
You block the orc's attack. x2
You hit the orc warrior.
The orc warrior is almost dead.
The orc warrior hits you but does no damage.
The orc hits you with a +0 war axe.
You die...

#..... ........
#.....#.......######
...........#..#....# ..
#......##..#....##
o.###..##..#..##....#
o..#..†...##.##.#...##
...##.....#..........###
...(##.........o.....<.#
...oo..##.#..)..@......#
....#(.##.#....oo..##..#
....#.((#.#......###......
.......###.#.....# ..(...#
...!...# ###.....#
......## .......#
#.....#...#...## ......##
##....#........ ......#
##..##......... .......
#.>. .##.


You could see an orc warrior and 2 orcs.

Vanquished Creatures
  An orc warrior (D:6)
  2 sky beasts (D:6)
  4 ogres
  A scorpion (D:4)
  3 crimson imps
  A bullfrog zombie (D:6)
  A hound (D:6)
  3 orc wizards
  Natasha (thrice) (D:3)
  4 worker ants
  A hound zombie (D:5)
  A hound skeleton (D:5)
  8 adders
  A shadow imp (D:6)
  An ooze (D:2)
  A worm (D:3)
  3 dart slugs
  4 leopard geckos
  6 orcs
  9 bats
  A giant cockroach (D:2)
  8 goblins
  8 hobgoblins
  2 jackals (D:3)
  6 kobolds
  A quokka (D:4)
  A ball python (D:2)
  A ball python skeleton (D:6)
  4 frilled lizards
  A jackal zombie (D:5)
  A leopard gecko skeleton (D:5)
  6 rats
98 creatures vanquished.

Notes
Turn   | Place    | Note
-------+----------+-------------------------------------------
     0 | D:1      | TheOvate the Hill Orc Fighter began the quest for the Orb.
     0 | D:1      | Reached XP level 1. HP: 19/19 MP: 1/1
   214 | D:1      | Reached XP level 2. HP: 27/27 MP: 2/2
   616 | D:1      | Reached XP level 3. HP: 33/33 MP: 3/3
   861 | D:2      | Found an ancient bone altar of Kikubaaqudgha.
   926 | D:2      | Found a shattered altar of Ashenzari.
  1215 | D:2      | Reached XP level 4. HP: 39/41 MP: 4/4
  1231 | D:2      | Found an ornate altar of the Wu Jian Council.
  1674 | D:3      | Noticed Natasha
  1683 | D:3      | Killed Natasha
  1740 | D:3      | Found a faded altar of an unknown god.
  1761 | D:3      | Found an opulent altar of Gozag.
  1905 | D:3      | Noticed Natasha
  1918 | D:3      | Killed Natasha
  1918 | D:3      | Reached XP level 5. HP: 28/47 MP: 5/5
  1927 | D:3      | Noticed Natasha
  1934 | D:3      | Killed Natasha
  2591 | D:4      | Reached XP level 6. HP: 52/53 MP: 6/6
  2716 | D:4      | Found a burning altar of Makhleb.
  2772 | D:4      | Reached skill level 5 in Long Blades
  3797 | D:5      | Entered Level 5 of the Dungeon
  3829 | D:5      | Reached XP level 7. HP: 60/60 MP: 7/7
  4927 | D:6      | Found a shattered altar of Ashenzari.
  4940 | D:6      | Reached skill level 5 in Fighting
  4955 | D:6      | Found a shadowy altar of Dithmenos.
  5142 | D:6      | Found a staircase to the Ecumenical Temple.
  5150 | Temple   | Entered the Ecumenical Temple
  5216 | Temple   | Became a worshipper of Warmaster Okawaru
  5301 | D:6      | Reached XP level 8. HP: 45/71 MP: 8/8
  5714 | D:6      | Found a hide-covered altar of Uskayaw.
  5823 | D:6      | Found a sparkling altar of Nemelex Xobeh.
  5823 | D:6      | Found a snail-covered altar of Cheibriados.
  5824 | D:6      | Found a white marble altar of Elyvilon.
  6229 | D:6      | Reached skill level 5 in Shields
  6545 | D:7      | Slain by an orc

Levels and vault maps discovered:
D:1:      dpeg_arrival_three_smaller_balls, layout_basic, serial_forest,
          infiniplex_forest_lined_ring, infiniplex_forest_corner_2,
          infiniplex_forest_end_double, infiniplex_forest_corner_1,
          infiniplex_forest_diagonal, infiniplex_forest_straight_2,
          infiniplex_forest_straight_2, infiniplex_forest_zigzag_1,
          kennysheep_boxes
D:2:      layout_loops_ring, overflow_temple_1_default, marbit_many_paths,
          first_ration, nicolae_ashenzari_panopticon
D:3:      layout_basic, grunt_gozag_breadcrumbs,
          chequers_ecumenical_altar_simple_redux, minivault_19,
          minmay_randomly_rotated_circles, uniq_natasha
D:4:      layout_loops_ring, kennysheep_little_box
D:5:      layout_loops_ring
D:6:      layout_basic, lemuel_crystal_altar, eat_drink_and_be_merry_uskayaw,
          gammafunk_temple_overflow_claw, minmay_temple_entry_butterflies,
          corner_web_ring, nicolae_dithmenos_through_a_glass_darkly
D:7:      layout_cave_pools, gammafunk_ghost_split
Temple:   minmay_temple_curvy_loop

Skill      XL: |  1  2  3  4  5  6  7  8 |
---------------+-------------------------+-----
Fighting       | 4 6 7 |  7.1
Armour         | 4 |  4.3
Long Blades    | 3 4 6 7 |  7.2
Shields        | 4 6 |  6.3
Dodging        | |  0.8
Stealth        | |  0.1

Action                   |  1- 3 |  4- 6 |  7- 9 || total
-------------------------+-------+-------+-------++-------
Melee: Long sword        |   103 |   215 |   186 ||   504
Evoke: Wand              |       |     1 |       ||     1
  Use: Scroll            |       |     7 |       ||     7
       Potion            |       |     2 |     5 ||     7
  Eat: Chunk             |     1 |     8 |     3 ||    12
       Ration            |       |       |     2 ||     2
Armor: Scale mail        |    63 |    89 |    69 ||   221
       Plate armour      |       |       |    17 ||    17
Dodge: Dodged            |    40 |    60 |    54 ||   154
Block: Shield            |    61 |    72 |   103 ||   236
       Large shield      |       |    45 |       ||    45
       Rpst.: Long sword |     9 |    25 |    23 ||    57

Table legend:
 A = Non-vault XP
 B = Vault XP
 C = Vault XP percentage of total XP
 D = Non-vault monster count
 E = Vault monster count
 F = Vault count percentage of total count
                 A         B        C        D         E       F
            +---------+---------+-------+---------+---------+-------
      Total |    1780 |      52 |   2.8 |      90 |       8 |   8.2
            +---------+---------+-------+---------+---------+-------
        D:1 |      34 |       0 |   0.0 |      17 |       0 |   0.0
        D:2 |      64 |       2 |   3.0 |      23 |       1 |   4.2
        D:3 |      96 |      50 |  34.2 |      13 |       7 |  35.0
        D:4 |     363 |       0 |   0.0 |      11 |       0 |   0.0
        D:5 |      88 |       0 |   0.0 |       5 |       0 |   0.0
        D:6 |    1087 |       0 |   0.0 |      18 |       0 |   0.0
        D:7 |      48 |       0 |   0.0 |       3 |       0 |   0.0
            +---------+---------+-------+---------+---------+-------
